 Dungeon Crawl Stone Soup version 0.29.0-4-gdea44cf6ec (webtiles) character file.

Game seed: 4361966613760095285

247 qw the Chopper (level 6, -1/52 HPs)
             Began as a Ghoul Enchanter on Sept 6, 2022.
             Slain by an ogre
             ... wielding a +0 giant club
              (21 damage)
             ... on level 4 of the Dungeon.
             The game lasted 00:02:12 (6000 turns).

qw the Chopper (Ghoul Enchanter)                    Turns: 6000, Time: 00:02:13

Health: -1/52      AC:  7    Str: 14    XL:     6   Next: 11%
Magic:  7/7        EV: 10    Int: 10    God:
Gold:   101        SH:  0    Dex:  9    Spells: 8/8 levels left

rFire   . . .      SeeInvis .   g - +0 trident
rCold   + . .      Faith    .   (no shield)
rNeg    + + +      Spirit   .   h - +0 ring mail
rPois   inf        Reflect  .   j - +0 helmet
rElec   .          Harm     .   (no cloak)
rCorr   .          Rampage  .   (no gloves)
Will    .....                   i - +0 pair of boots
Stlth   +.........              (no amulet)
HPRegen 0.00/turn               (no ring)
MPRegen 0.10/turn               (no ring)

@: inhibited regen
A: claws 1, cold resistance 1, negative energy resistance 3, inhibited
regeneration, torment resistance 2, devour on kill
a: no special abilities


You were on level 4 of the Dungeon.
You visited 1 branch of the dungeon, and saw 4 of its levels.

You collected 101 gold pieces.


Innate Abilities, Weirdness & Mutations

You are immune to poison.
You have sharp fingernails.
Your flesh is cold resistant. (rC+)
You are immune to negative energy. (rN+++)
You do not regenerate when monsters are visible.
You are immune to unholy pain and torment.
You thrive by killing the living.


   Skills:
 - Level 3.7 Fighting
 - Level 0.8 Short Blades
 - Level 4.0 Axes
 + Level 0.1 Armour
 - Level 1.7 Dodging
 - Level 3.2 Stealth
 - Level 1.7 Spellcasting
 - Level 2.4 Hexes


You had 8 spell levels left.
You didn't know any spells.
Your spell library contained the following spells:

 Spells                   Type           Power      Damage    Failure   Level
 Ensorcelled Hibernation  Hex/Ice        6%         N/A       52%         2
 Confusing Touch          Hex            5%         N/A       58%         3
 Tukima's Dance           Hex            5%         N/A       58%         3
 Dazzling Flash           Conj/Hex       6%         N/A       77%         3

Inventory:

Hand Weapons
 g - a +0 trident (weapon)
Armour
 h - a +0 ring mail (worn)
 i - a +0 pair of boots (worn)
 j - a +0 helmet (worn)
Scrolls
 b - a scroll of teleportation
 e - 2 scrolls of identify
Potions
 a - a potion of haste {unknown}
 c - a potion of magic {unknown}
 d - a potion of heal wounds
 f - a potion of brilliance {unknown}
 k - a potion of degeneration {unknown}

Dungeon Overview and Level Annotations

Branches:
Dungeon (4/15)
 Temple: D:4-7

Altars:
Kikubaaqudgha
Sif Muna
Trog

Shops:
D:1 !


Message History

5984 ||| Stepping ~*~*~tactically~*~*~ (reaching).
Reach: g) +0 trident
Press: ? - help, Dir - move target, f/p - worm You barely miss the worm.
The worm is lightly wounded.
5986 ||| Stepping ~*~*~tactically~*~*~ (reaching).
5987 ||| Stepping ~*~*~tactically~*~*~ (reaching).
Reach: g) +0 trident
Press: ? - help, Dir - move target, f/p - worm You hit the worm but do no damage.
5989 ||| Stepping ~*~*~tactically~*~*~ (reaching).
5990 ||| Stepping ~*~*~tactically~*~*~ (reaching).
An ogre comes into view. It is wielding a +0 giant club.
Reach: g) +0 trident
Press: ? - help, Dir - move target, f/p - worm You barely miss the worm.
The ogre shouts!
5992 ||| Stepping ~*~*~tactically~*~*~ (reaching).
Reach: g) +0 trident
Press: ? - help, Dir - move target, f/p - worm You puncture the worm!
The worm is heavily wounded.
5994 ||| Stepping ~*~*~tactically~*~*~ (reaching).
You hit the worm but do no damage.
The worm is moderately wounded.
You hit the worm.
The worm is heavily wounded.
The ogre hits you with a +0 giant club!!
The worm closely misses you.
You hit the worm. You claw the worm.
You kill the worm!
The ogre hits you with a +0 giant club!
You barely miss the ogre. The ogre barely misses you.
You hit the ogre.
The ogre is lightly wounded.
You barely miss the ogre.
The ogre is lightly wounded.
The ogre hits you with a +0 giant club!!
You die...

#.#####.##.##.##
#.# #.##......
#.#####.#####%##
#.......# #.#
#############.#
#.. ..#.# ###
#.######.#.#
##.###.##...#.#.##
#@%.......#.......
##O###.##...#.#.#.
#.# #............
#.# ########..!..
#.# ##...# ...
##.## ..# #.# ...
.#


You could see an ogre.

Vanquished Creatures
  A necrophage (D:4)
  A hound (D:3)
  Jessica (D:3)
  Robin (D:3)
  4 adders
  2 worms
  4 dart slugs
  6 ball pythons
  3 bats
  6 endoplasms
  2 giant cockroaches (D:1)
  13 goblins
  11 hobgoblins
  7 kobolds
  3 quokkas
  3 frilled lizards
  4 rats
72 creatures vanquished.

Notes
Turn   | Place    | Note
-------+----------+-------------------------------------------
     0 | D:1      | qw the Ghoul Enchanter began the quest for the Orb.
     0 | D:1      | Reached XP level 1. HP: 14/14 MP: 2/2
     0 | D:1      | 0 ||| qw: Version: 0.1-a-108-g9e35731
     0 | D:1      | 0 ||| qw: Game counter: 6226
     0 | D:1      | 0 ||| qw: Always use a shield: true
     0 | D:1      | 0 ||| qw: God list: Okawaru
     0 | D:1      | 0 ||| qw: Allow faded altars: false
     0 | D:1      | 0 ||| qw: Do Orc after D:15 true
     0 | D:1      | 0 ||| qw: Do second Lair branch before Depths: true
     0 | D:1      | 0 ||| qw: Lair rune preference: random
     0 | D:1      | 0 ||| qw: Plans: Normal
     0 | D:1      | 0 ||| PLANNING D:1-11
   210 | D:1      | 210 ||| SWAPPING to +0 club.
   211 | D:1      | 211 ||| DROPPING +1 dagger.
   510 | D:1      | Found a faded altar of an unknown god.
   517 | D:1      | 517 ||| Stepping ~*~*~tactically~*~*~ (outnumbered).
   521 | D:1      | Reached skill level 1 in Axes
   523 | D:1      | HP: 3/14 [constriction (1)]
   524 | D:1      | HP: 1/14 [constriction (1)]
   800 | D:1      | 800 ||| SWAPPING to +0 whip.
   801 | D:1      | 801 ||| DROPPING +0 club.
   802 | D:1      | 802 ||| DROPPING +0 short sword.
   851 | D:1      | Reached XP level 2. HP: 22/22 MP: 3/3
   908 | D:1      | Reached skill level 1 in Fighting
  1270 | D:1      | Found Keridiuh's Distillery.
  1277 | D:1      | 1277 ||| SHOPLISTING potion of curing (39 gold, have 0).
  1280 | D:1      | 1280 ||| Stepping ~*~*~tactically~*~*~ (hiding).
  1382 | D:1      | 1382 ||| Stepping ~*~*~tactically~*~*~ (hiding).
  1545 | D:1      | 1545 ||| Stepping ~*~*~tactically~*~*~ (hiding).
  1647 | D:1      | 1647 ||| Stepping ~*~*~tactically~*~*~ (hiding).
  1749 | D:1      | 1749 ||| Stepping ~*~*~tactically~*~*~ (hiding).
  1851 | D:1      | 1851 ||| Stepping ~*~*~tactically~*~*~ (hiding).
  1953 | D:1      | 1953 ||| Stepping ~*~*~tactically~*~*~ (hiding).
  2055 | D:1      | 2055 ||| Stepping ~*~*~tactically~*~*~ (hiding).
  2157 | D:1      | 2157 ||| Stepping ~*~*~tactically~*~*~ (hiding).
  2259 | D:1      | 2259 ||| Stepping ~*~*~tactically~*~*~ (hiding).
  2361 | D:1      | 2361 ||| Stepping ~*~*~tactically~*~*~ (hiding).
  2463 | D:1      | 2463 ||| Stepping ~*~*~tactically~*~*~ (hiding).
  2565 | D:1      | 2565 ||| Stepping ~*~*~tactically~*~*~ (hiding).
  2667 | D:1      | 2667 ||| Stepping ~*~*~tactically~*~*~ (hiding).
  2769 | D:1      | 2769 ||| Stepping ~*~*~tactically~*~*~ (hiding).
  2841 | D:1      | Reached XP level 3. HP: 25/28 MP: 4/4
  2882 | D:1      | Reached skill level 2 in Axes
  3099 | D:1      | 3099 ||| UPGRADING to +0 robe of willpower.
  3109 | D:1      | 3109 ||| DROPPING +0 robe.
  3110 | D:1      | 3110 ||| UPGRADING to +0 ring mail.
  3120 | D:1      | 3120 ||| DROPPING +0 robe of willpower.
  3121 | D:1      | 3121 ||| READING scroll labelled CEENEG RAVO.
  3126 | D:1      | 3126 ||| READING 3 scrolls labelled LIDWUS OWNULEU.
  3127 | D:1      | 3127 ||| READING 2 scrolls of identify.
  3127 | D:1      | 3127 ||| IDENTIFYING viscous emerald potion
  3128 | D:1      | 3128 ||| DROPPING 2 potions of invisibility.
  3643 | D:2      | 3643 ||| Stepping ~*~*~tactically~*~*~ (stealth).
  3674 | D:2      | Reached XP level 4. HP: 36/36 MP: 5/5
  4181 | D:2      | 4181 ||| UPGRADING to +0 pair of boots.
  4186 | D:2      | 4186 ||| READING 2 scrolls labelled DAESKEUPTIH.
  4187 | D:2      | 4187 ||| DROPPING scroll of noise.
  4234 | D:3      | 4234 ||| PLANNING SEWER
  4294 | D:3      | 4294 ||| Stepping ~*~*~tactically~*~*~ (stealth).
  4296 | D:3      | 4296 ||| Stepping ~*~*~tactically~*~*~ (stealth).
  4325 | D:3      | Found a bloodstained altar of Trog.
  4430 | D:3      | Found an ancient bone altar of Kikubaaqudgha.
  4440 | D:3      | Reached skill level 3 in Axes
  4559 | D:3      | 4559 ||| Stepping ~*~*~tactically~*~*~ (stealth).
  4610 | D:3      | Reached XP level 5. HP: 20/41 MP: 6/6
  4660 | D:3      | Noticed Jessica
  4661 | D:3      | 4661 ||| FLEEEEING.
  4662 | D:3      | 4662 ||| FLEEEEING.
  4663 | D:3      | 4663 ||| FLEEEEING.
  4664 | D:3      | 4664 ||| FLEEEEING.
  4665 | D:3      | 4665 ||| FLEEEEING.
  4671 | D:3      | 4671 ||| STAIRDANCE
  4768 | D:2      | 4768 ||| UPGRADING to +1 hat.
  4773 | D:2      | 4773 ||| READING scroll labelled VIG YMOMAIWAE.
  4816 | D:3      | Found a shimmering blue altar of Sif Muna.
  4902 | D:3      | 4902 ||| RIP SEWER
  4903 | D:3      | 4903 ||| PLANNING D:1-11
  4973 | D:3      | 4973 ||| Stepping ~*~*~tactically~*~*~ (hiding).
  4977 | D:3      | Killed Jessica
  4978 | D:3      | Reached skill level 4 in Axes
  5236 | D:3      | 5236 ||| UPGRADING to +0 helmet.
  5246 | D:3      | 5246 ||| DROPPING +1 hat.
  5393 | D:3      | Noticed Robin
  5394 | D:3      | 5394 ||| Stepping ~*~*~tactically~*~*~ (hiding).
  5408 | D:3      | 5408 ||| Stepping ~*~*~tactically~*~*~ (outnumbered).
  5412 | D:3      | HP: 10/41 [Robin/+0 trident (3)]
  5413 | D:3      | 5413 ||| READING 2 scrolls of teleportation.
  5413 | D:3      | HP: 4/41 [goblin/+1 dagger of venom[Robin] (3)]
  5414 | D:3      | 5414 ||| DRINKING 2 potions of heal wounds.
  5547 | D:3      | Killed Robin
  5618 | D:3      | 5618 ||| SWAPPING to +0 trident.
  5619 | D:3      | 5619 ||| DROPPING +0 whip.
  5801 | D:4      | Reached skill level 3 in Fighting
  5801 | D:4      | Reached XP level 6. HP: 25/52 MP: 7/7
  5964 | D:4      | 5964 ||| Stepping ~*~*~tactically~*~*~ (reaching).
  5965 | D:4      | 5965 ||| Stepping ~*~*~tactically~*~*~ (reaching).
  5967 | D:4      | 5967 ||| Stepping ~*~*~tactically~*~*~ (reaching).
  5969 | D:4      | 5969 ||| Stepping ~*~*~tactically~*~*~ (reaching).
  5970 | D:4      | 5970 ||| Stepping ~*~*~tactically~*~*~ (reaching).
  5972 | D:4      | 5972 ||| Stepping ~*~*~tactically~*~*~ (reaching).
  5973 | D:4      | 5973 ||| Stepping ~*~*~tactically~*~*~ (reaching).
  5975 | D:4      | 5975 ||| Stepping ~*~*~tactically~*~*~ (reaching).
  5976 | D:4      | 5976 ||| Stepping ~*~*~tactically~*~*~ (reaching).
  5978 | D:4      | 5978 ||| Stepping ~*~*~tactically~*~*~ (reaching).
  5979 | D:4      | 5979 ||| Stepping ~*~*~tactically~*~*~ (reaching).
  5981 | D:4      | 5981 ||| Stepping ~*~*~tactically~*~*~ (reaching).
  5983 | D:4      | 5983 ||| Stepping ~*~*~tactically~*~*~ (reaching).
  5984 | D:4      | 5984 ||| Stepping ~*~*~tactically~*~*~ (reaching).
  5986 | D:4      | 5986 ||| Stepping ~*~*~tactically~*~*~ (reaching).
  5987 | D:4      | 5987 ||| Stepping ~*~*~tactically~*~*~ (reaching).
  5989 | D:4      | 5989 ||| Stepping ~*~*~tactically~*~*~ (reaching).
  5990 | D:4      | 5990 ||| Stepping ~*~*~tactically~*~*~ (reaching).
  5992 | D:4      | 5992 ||| Stepping ~*~*~tactically~*~*~ (reaching).
  5994 | D:4      | 5994 ||| Stepping ~*~*~tactically~*~*~ (reaching).
  6000 | D:4      | Slain by an ogre

Levels and vault maps discovered:
D:1:      minmay_arrival_checkered_box, layout_loops_corners,
          ebering_ecumenical_altar_sacrificial, serial_shops,
          nicolae_diamond_shop, serial_bayou_pond_c
D:2:      layout_basic
D:3:      layout_loops_cross, lemuel_crystal_altar,
          mainiacjoe_overflow_boulevard, bloody_trog,
          cheibrodos_sewer_entry_bend, uniq_jessica, uniq_robin
D:4:      layout_loops_corners, nicolae_qazlal_scattered_showers, slow_altar_2,
          lemuel_coloured_pillars_altar, dk_noncrumbling_2, uniq_eustachio,
          uniq_duvessa

Skill      XL: |  1  2  3  4  5 |
---------------+----------------+-----
Axes           | 1 2 3 4 |  4.0
Fighting       | 1 2 3 |  3.7
Short Blades   | |  0.8
Armour         | |  0.1
Dodging        | |  1.7
Stealth        | |  3.2
Spellcasting   | |  1.7
Hexes          | |  2.4

Action                   |  1- 3 |  4- 6 || total
-------------------------+-------+-------++-------
Melee: Club              |    18 |       ||    18
       Dagger            |     6 |       ||     6
       Whip              |   118 |   200 ||   318
       Punch             |     2 |     2 ||     4
       Trident           |       |    50 ||    50
  Use: Scroll            |     3 |     3 ||     6
       Potion            |       |     1 ||     1
Armor: Robe              |    18 |       ||    18
       Ring mail         |    18 |    94 ||   112
Dodge: Dodged            |    70 |   113 ||   183

Table legend:
 A = Non-vault XP
 B = Vault XP
 C = Vault XP percentage of total XP
 D = Non-vault monster count
 E = Vault monster count
 F = Vault count percentage of total count
                 A         B        C        D         E       F
            +---------+---------+-------+---------+---------+-------
      Total |     276 |      77 |  21.8 |      59 |      13 |  18.1
            +---------+---------+-------+---------+---------+-------
        D:1 |      38 |       0 |   0.0 |      21 |       0 |   0.0
        D:2 |      67 |       0 |   0.0 |      17 |       0 |   0.0
        D:3 |      83 |      77 |  48.1 |      18 |      13 |  41.9
        D:4 |      88 |       0 |   0.0 |       3 |       0 |   0.0
            +---------+---------+-------+---------+---------+-------
